Kings vs Coyotes

Created - 18 janvier 2022 at 16:33

Goals
1 2 3 OT1 T
Kings 0 1 2 0 3
Coyotes 0 1 2 1 4
Shots
1 2 3 OT1 T
Kings 5 6 10 3 24
Coyotes 8 12 16 4 40

GoalsPenalties
1st period
No Goal
Zdeno Chara (LOS) for Hooking (Minor) at 5:02
Tanner Pearson (LOS) for Hooking (Minor) at 8:08
Miro Heiskanen (ARI) for Interference (Minor) at 11:22
Andrej Sekera (ARI) for Tripping (Minor) at 15:16
William Karlsson (LOS) for Tripping (Minor) at 15:16
Tanner Pearson (LOS) for Hooking (Minor) at 18:09
2nd period
1. Kings , Teddy Blueger 13 (Corey Perry 3, Derek Forbort 9) at 1:53
2. Coyotes , Miro Heiskanen 7 (Jesper Bratt 21, Robert Thomas 5) at 6:06 (PP)
Derek Forbort (LOS) for Hooking (Minor) at 4:18
Tanner Pearson (LOS) for Holding (Minor) at 6:44
3rd period
3. Coyotes , Ryan Johansen 15 (Michal Kempny 12, Robert Thomas 6) at 3:24 (PP)
4. Kings , Derek Forbort 1 (Brock McGinn 4, David Kampf 7) at 6:46
5. Kings , Andy Greene 2 (Pierre-Edouard Bellemare 8, Brock McGinn 5) at 16:32 (SH)
6. Coyotes , Pavel Zacha 18 (Andrej Sekera 22, Yegor Sharangovich 12) at 17:10 (PP)
Ryan Johansen (ARI) for Slashing (Minor) at 0:52
Yanni Gourde (LOS) for Roughing (Double Minor) at 0:52
William Karlsson (LOS) for Roughing (Minor) at 3:54
Pavel Zacha (ARI) for Interference (Minor) at 7:24
Derek Forbort (LOS) for Hooking (Minor) at 16:06
Kyle Connor (LOS) for Cross-checking (Minor) at 17:57
Overtime #1
7. Coyotes , Pavel Zacha 19 (Sean Monahan 19, Miro Heiskanen 32) at 2:15
No Penalty
Goalie Stats
Jordan Binnington (LOS), 36 saves from 40 shots - (0,900), OTL, 18-9-4, 62:16 minutes
Tuukka Rask (ARI), 21 saves from 24 shots - (0,875), W, 23-10-2, 62:16 minutes
3 StarsOfficial
1 - Andy Greene (LOS)
2 - Pavel Zacha (ARI)
3 - Brock McGinn (LOS)
Referees : Rob Martell and Brad Meier
Linesman : Thor Nelson and Vaughan Rody
Game Note
No Game Note



Team Name Goals Shots Shots Attemp Shots Blocked PIM HIT PP PK FO%
Kings 32447722250 / 2 (0%)337%
Coyotes 4407948133 / 9 (33%)063%

Kings
Player Name POS G A P +/- PIM HIT SHT SB MP PP MP PP SHT PK MP PK SHT FO% FOT
Andy GreeneD1013011117:060:0007:2910% 0
Brock BoeserRW0000032017:342:0000:0000% 1
Brock McGinnLW/RW0222012012:290:0007:3610% 1
Corey PerryLW/RW011101007:050:0000:0000% 1
David KampfC/LW/RW0111001012:310:0007:38117% 6
Derek ForbortD1122421215:540:0006:0800% 0
Johnny GaudreauLW/RW0000013017:261:5800:00040% 5
Kyle ConnorLW000-1232018:271:5800:0000% 0
Pierre-Edouard BellemareC0112000113:390:0007:36044% 18
Ryan CarpenterC/RW000103006:020:0001:0900% 1
Scott MayfieldD0001030123:081:5807:2900% 0
Shea WeberD0000010119:531:5800:0600% 0
Tanner PearsonLW/RW0000603014:542:0000:0000% 2
Teddy BluegerC/LW101101307:572:0010:00031% 13
William KarlssonC000-1434024:081:5816:39034% 38
Yanni GourdeC/LW/RW0000411012:560:0000:00064% 14
Zach WerenskiD000-1001023:362:0002:3400% 0
Zdeno CharaD0000210122:362:0006:5200% 0
Coyotes
Player Name POS G A P +/- PIM HIT SHT SB MP PP MP PP SHT PK MP PK SHT FO% FOT
Andrej SekeraD011-2200023:597:5402:2800% 0
Boone JennerC/LW0000001011:300:0001:33079% 14
Dante FabbroD000-2002018:526:5910:0900% 0
Eetu LuostarinenC000000002:410:0000:0000% 0
Frank VatranoC/LW/RW000001108:530:0000:0000% 1
Ilya MikheyevRW000-1010114:390:0001:3300% 0
Jay BouwmeesterD0000001118:080:5701:1900% 0
Jesper BrattLW/RW011-1007023:288:0410:00050% 2
Kaapo KakkoRW000000108:530:0000:0000% 0
Michael StoneD0000020117:140:0001:4600% 0
Michal KempnyD011-1011019:387:2511:1500% 0
Miro HeiskanenD1120224124:237:2330:5900% 0
Nick PaulC/LW000000205:060:0002:25040% 5
Pavel ZachaC/LW202-1214024:257:1521:100100% 6
Robert ThomasC/RW0220003012:008:0431:15050% 4
Ryan JohansenC101-1215022:238:0430:00075% 32
Sean MonahanC011-1044023:167:1520:00048% 33
Yegor SharangovichC/LW/RW011-2004019:207:1520:00033% 3

Kings

5 vs 5 Forward
Line #Left WingCenterRight WingPHYDFOFWanted %Time %Time Play
1Kyle ConnorWilliam KarlssonBrock Boeser0233935%12:58
2Johnny GaudreauYanni GourdeTanner Pearson0233735%12:57
3Pierre-Edouard BellemareTeddy BluegerCorey Perry1221416%5:57
4Brock McGinnDavid KampfRyan Carpenter2211013%4:53
5 vs 5 Defense
Line #DefenseDefensePHYDFOFWanted %Time %Time Play
1Zach WerenskiShea Weber1224341%15:13
2Scott MayfieldZdeno Chara1313632%11:44
3Derek ForbortAndy Greene1402126%9:31
4Zach WerenskiDerek Forbort04101%0:17
Power Play Forward
Line #Left WingCenterRight WingPHYDFOFWanted %Time %Time Play
1Johnny GaudreauWilliam KarlssonKyle Connor0145050%1:58
2Tanner PearsonTeddy BluegerBrock Boeser0145050%2:00
Power Play Defense
Line #DefenseDefensePHYDFOFWanted %Time %Time Play
1Zach WerenskiZdeno Chara0235550%2:00
2Shea WeberScott Mayfield0234550%1:58
Penalty Kill 4 Players Forward
Line #CenterWingPHYDFOFWanted %Time %Time Play
1William KarlssonDavid Kampf1405050%7:43
2Pierre-Edouard BellemareBrock McGinn1405050%7:36
Penalty Kill 4 Players Defense
Line #DefenseDefensePHYDFOFWanted %Time %Time Play
1Derek ForbortZdeno Chara1405051%7:50
2Andy GreeneScott Mayfield1405049%7:29
Penalty Kill 3 Players
Line #WingPHYDFOFWanted %Time %Time PlayDefenseDefensePHYDFOFWanted %Time %Time Play
1Pierre-Edouard Bellemare050500%0:00 Scott MayfieldShea Weber140500%0:00
2David Kampf050500%0:00 Derek ForbortAndy Greene140500%0:00
4 vs 4 Forward
Line #CenterWingPHYDFOFWanted %Time %Time Play
1William KarlssonKyle Connor0235551%2:01
2Brock BoeserJohnny Gaudreau0234549%1:57
4 vs 4 Defense
Line #DefensePHYDFOFWanted %Time %Time Play
1Zach WerenskiZdeno Chara0325051%50% - 2:01
2Scott MayfieldShea Weber0325049%50% - 1:57
Last Minutes Offensive
Left WingCenterRight WingDefenseDefense
Johnny GaudreauWilliam KarlssonKyle ConnorBrock BoeserZach Werenski
Last Minutes Defensive
Left WingCenterRight WingDefenseDefense
Brock McGinnPierre-Edouard BellemareTeddy BluegerScott MayfieldShea Weber
Time
Total ForwardTotal DefenseLast Minutes OffensiveLast Minutes Defensive
60:00 60:00 0:000:00
Extra Forwards
Normal PowerPlayPenalty Kill
Johnny Gaudreau, Brock Boeser, Kyle ConnorYanni Gourde, Corey PerryRyan Carpenter
Extra Defensemen
Normal PowerPlayPenalty Kill
Zach Werenski, Shea Weber, Scott MayfieldZdeno Chara, Zach WerenskiZdeno Chara
Penalty Shots
William Karlsson, Johnny Gaudreau, Kyle Connor, Brock Boeser, Zach Werenski
Goalie
Jordan Binnington, Curtis McElhinney
Custom OT Lines Forwards
William Karlsson, Kyle Connor, Johnny Gaudreau, Brock Boeser, Tanner Pearson, Teddy Blueger, Yanni Gourde, Pierre-Edouard Bellemare, Corey Perry, Ryan Carpenter
Custom OT Lines Defensemen
Zach Werenski, Shea Weber, Scott Mayfield, Zdeno Chara, Derek Forbort
Scratches
Niko Mikkola (Healthy), Jarred Tinordi (Healthy), Dylan McIlrath (Healthy)

Coyotes

5 vs 5 Forward
Line #Left WingCenterRight WingPHYDFOFWanted %Time %Time Play
1Pavel ZachaSean MonahanIlya Mikheyev2123536%13:06
2Jesper BrattRyan JohansenYegor Sharangovich1223533%12:05
3Frank VatranoBoone JennerKaapo Kakko1222324%8:53
4Eetu LuostarinenNick PaulRobert Thomas12277%2:41
5 vs 5 Defense
Line #DefenseDefensePHYDFOFWanted %Time %Time Play
1Miro HeiskanenAndrej Sekera1223026%9:44
2Jay BouwmeesterMichael Stone1313037%13:35
3Michal KempnyDante Fabbro1312430%10:58
4Miro HeiskanenAndrej Sekera122167%2:28
Power Play Forward
Line #Left WingCenterRight WingPHYDFOFWanted %Time %Time Play
1Pavel ZachaSean MonahanYegor Sharangovich1045047%7:15
2Jesper BrattRyan JohansenRobert Thomas1225053%8:04
Power Play Defense
Line #DefenseDefensePHYDFOFWanted %Time %Time Play
1Miro HeiskanenMichal Kempny1225048%7:25
2Dante FabbroAndrej Sekera1225052%7:54
Penalty Kill 4 Players Forward
Line #CenterWingPHYDFOFWanted %Time %Time Play
1Boone JennerIlya Mikheyev1225039%1:33
2Pavel ZachaNick Paul1225061%2:25
Penalty Kill 4 Players Defense
Line #DefenseDefensePHYDFOFWanted %Time %Time Play
1Jay BouwmeesterAndrej Sekera1225039%1:32
2Michael StoneMiro Heiskanen1225061%2:26
Penalty Kill 3 Players
Line #WingPHYDFOFWanted %Time %Time PlayDefenseDefensePHYDFOFWanted %Time %Time Play
1Boone Jenner122500%0:00 Jay BouwmeesterAndrej Sekera122500%0:00
2Nick Paul122500%0:00 Michael StoneMiro Heiskanen122500%0:00
4 vs 4 Forward
Line #CenterWingPHYDFOFWanted %Time %Time Play
1Ryan JohansenJesper Bratt1225046%1:50
2Sean MonahanPavel Zacha1225054%2:08
4 vs 4 Defense
Line #DefensePHYDFOFWanted %Time %Time Play
1Miro HeiskanenAndrej Sekera1225053%50% - 2:05
2Jay BouwmeesterMichael Stone1225047%50% - 1:53
Last Minutes Offensive
Left WingCenterRight WingDefenseDefense
Pavel ZachaSean MonahanJesper BrattMiro HeiskanenAndrej Sekera
Last Minutes Defensive
Left WingCenterRight WingDefenseDefense
Boone JennerPavel ZachaIlya MikheyevJay BouwmeesterAndrej Sekera
Time
Total ForwardTotal DefenseLast Minutes OffensiveLast Minutes Defensive
60:00 60:00 0:000:00
Extra Forwards
Normal PowerPlayPenalty Kill
Jesper Bratt, Boone Jenner, Nick PaulRyan Johansen, Boone JennerNick Paul
Extra Defensemen
Normal PowerPlayPenalty Kill
Jay Bouwmeester, Dante Fabbro, Miro HeiskanenJay Bouwmeester, Michael StoneMichal Kempny
Penalty Shots
Jesper Bratt, Sean Monahan, Yegor Sharangovich, Ryan Johansen, Robert Thomas
Goalie
Tuukka Rask, Elvis Merzlikins
Custom OT Lines Forwards
Ryan Johansen, Jesper Bratt, Sean Monahan, Pavel Zacha, Yegor Sharangovich, Boone Jenner, Ilya Mikheyev, Frank Vatrano, Nick Paul, Eetu Luostarinen
Custom OT Lines Defensemen
Miro Heiskanen, Andrej Sekera, Michael Stone, Jay Bouwmeester, Dante Fabbro
Scratches
Kiefer Sherwood (Healthy), Kevan Miller (Healthy)


Play-by-Play

1st period


0:01 of 1st period - Sean Monahan wins face-off versus William Karlsson in neutral zone.
0:39 of 1st period - Shot by Sean Monahan.
0:39 of 1st period - Stopped by Jordan Binnington without a rebound.
0:40 of 1st period - Ryan Johansen wins face-off versus Yanni Gourde in Kings zone.
2:30 of 1st period - Shot by Frank Vatrano.
2:30 of 1st period - Shot Misses the Net.
3:12 of 1st period - Off-side.
3:13 of 1st period - Sean Monahan wins face-off versus William Karlsson in neutral zone.
3:32 of 1st period - Sean Monahan is hit by Brock Boeser and loses puck.
4:39 of 1st period - Shot by Nick Paul.
4:39 of 1st period - Stopped by Jordan Binnington without a rebound.
4:40 of 1st period - Boone Jenner wins face-off versus Teddy Blueger in Kings zone.
4:45 of 1st period - Shot by Frank Vatrano.
4:45 of 1st period - Deflect By Kaapo Kakko.
4:45 of 1st period - Stopped by Jordan Binnington without a rebound.
4:46 of 1st period - Teddy Blueger wins face-off versus Boone Jenner in Kings zone.
4:46 of 1st period - Teddy Blueger is hit by Frank Vatrano.
4:49 of 1st period - Icing by Zdeno Chara.
4:50 of 1st period - Teddy Blueger wins face-off versus Nick Paul in Kings zone.
5:02 of 1st period - Minor Penalty to Zdeno Chara for Hooking.
5:03 of 1st period - William Karlsson wins face-off versus Ryan Johansen in Kings zone.
5:03 of 1st period - William Karlsson is hit by Ryan Johansen.
5:23 of 1st period - Shot by Miro Heiskanen.
5:23 of 1st period - Shot Misses the Net.
5:25 of 1st period - Shot by Miro Heiskanen.
5:25 of 1st period - Stopped by Jordan Binnington without a rebound.
5:26 of 1st period - Sean Monahan wins face-off versus William Karlsson in Kings zone.
5:29 of 1st period - Shot by Pavel Zacha.
5:29 of 1st period - Shot Misses the Net.
5:31 of 1st period - Shot by Dante Fabbro.
5:31 of 1st period - Stopped by Jordan Binnington without a rebound.
5:32 of 1st period - Sean Monahan wins face-off versus William Karlsson in Kings zone.
5:32 of 1st period - Sean Monahan is hit by Andy Greene.
5:52 of 1st period - Shot by Sean Monahan.
5:52 of 1st period - Shot Misses the Net.
5:56 of 1st period - Shot by Yegor Sharangovich.
5:56 of 1st period - Stopped by Jordan Binnington without a rebound.
5:57 of 1st period - Pierre-Edouard Bellemare wins face-off versus Ryan Johansen in Kings zone.
6:12 of 1st period - Shot by Michal Kempny.
6:12 of 1st period - Shot Misses the Net.
6:58 of 1st period - Icing by Pavel Zacha.
6:59 of 1st period - Sean Monahan wins face-off versus William Karlsson in Coyotes zone.
7:08 of 1st period - Icing by Yanni Gourde.
7:09 of 1st period - Yanni Gourde wins face-off versus Frank Vatrano in Kings zone.
7:19 of 1st period - Off-side.
7:20 of 1st period - William Karlsson wins face-off versus Sean Monahan in neutral zone.
7:20 of 1st period - Zdeno Chara is hit by Sean Monahan and loses puck.
7:26 of 1st period - Kyle Connor is hit by Miro Heiskanen and loses puck.
7:55 of 1st period - Shot by Kyle Connor.
7:55 of 1st period - Stopped by Tuukka Rask without a rebound.
7:56 of 1st period - Johnny Gaudreau wins face-off versus Ryan Johansen in Coyotes zone.
8:08 of 1st period - Minor Penalty to Tanner Pearson for Hooking.
8:09 of 1st period - Ryan Johansen wins face-off versus Pierre-Edouard Bellemare in Kings zone.
8:17 of 1st period - Icing by Jesper Bratt.
8:18 of 1st period - Ryan Johansen wins face-off versus Pierre-Edouard Bellemare in Coyotes zone.
9:49 of 1st period - Shot by Miro Heiskanen.
9:49 of 1st period - Shot Blocked by Derek Forbort.
9:51 of 1st period - Shot by Sean Monahan.
9:51 of 1st period - Stopped by Jordan Binnington without a rebound.
9:52 of 1st period - Pierre-Edouard Bellemare wins face-off versus Sean Monahan in Kings zone.
10:00 of 1st period - Icing by Miro Heiskanen.
10:01 of 1st period - William Karlsson wins face-off versus Sean Monahan in Coyotes zone.
10:04 of 1st period - Shot by David Kampf.
10:04 of 1st period - Stopped by Tuukka Rask with a rebound.
10:18 of 1st period - Shot by Boone Jenner.
10:18 of 1st period - Shot Misses the Net.
10:30 of 1st period - Shot by Boone Jenner.
10:30 of 1st period - Shot Blocked by Shea Weber.
10:32 of 1st period - Shot by Jay Bouwmeester.
10:32 of 1st period - Stopped by Jordan Binnington with a rebound.
11:22 of 1st period - Shot by Brock Boeser.
11:22 of 1st period - Stopped by Tuukka Rask without a rebound.
11:22 of 1st period - Minor Penalty to Miro Heiskanen for Interference.
11:23 of 1st period - Pavel Zacha wins face-off versus Teddy Blueger in Coyotes zone.
12:13 of 1st period - Off-side.
12:14 of 1st period - Boone Jenner wins face-off versus William Karlsson in neutral zone.
12:31 of 1st period - Icing by Shea Weber.
12:32 of 1st period - Pavel Zacha wins face-off versus William Karlsson in Kings zone.
12:57 of 1st period - Shot by William Karlsson.
12:57 of 1st period - Stopped by Tuukka Rask without a rebound.
12:58 of 1st period - Boone Jenner wins face-off versus Teddy Blueger in Coyotes zone.
13:09 of 1st period - Shot by Zach Werenski.
13:09 of 1st period - Shot Misses the Net.
14:08 of 1st period - Icing by Dante Fabbro.
14:09 of 1st period - Teddy Blueger wins face-off versus Ryan Johansen in Coyotes zone.
14:24 of 1st period - Shot by Teddy Blueger.
14:24 of 1st period - Stopped by Tuukka Rask with a rebound.
14:27 of 1st period - Icing by Michal Kempny.
14:28 of 1st period - William Karlsson wins face-off versus Ryan Johansen in Coyotes zone.
14:36 of 1st period - Icing by Michal Kempny.
14:37 of 1st period - Ryan Johansen wins face-off versus William Karlsson in Coyotes zone.
14:37 of 1st period - Ryan Johansen is hit by Scott Mayfield.
14:57 of 1st period - Kyle Connor is hit by Miro Heiskanen and loses puck.
15:16 of 1st period - Minor Penalty to Andrej Sekera for Tripping.
15:16 of 1st period - Minor Penalty to William Karlsson for Tripping.
15:17 of 1st period - Johnny Gaudreau wins face-off versus Sean Monahan in Coyotes zone.
15:17 of 1st period - Johnny Gaudreau is hit by Michael Stone.
15:21 of 1st period - Shot by Kyle Connor.
15:21 of 1st period - Shot Blocked by Michael Stone.
15:37 of 1st period - Michael Stone is hit by Kyle Connor and loses puck.
16:59 of 1st period - Shot by Sean Monahan.
16:59 of 1st period - Shot Misses the Net.
17:04 of 1st period - Off-side.
17:05 of 1st period - Ryan Johansen wins face-off versus Johnny Gaudreau in neutral zone.
17:19 of 1st period - Frank Vatrano is hit by Ryan Carpenter and loses puck.
17:45 of 1st period - Michal Kempny is hit by Brock McGinn and loses puck.
18:09 of 1st period - Minor Penalty to Tanner Pearson for Hooking.
18:10 of 1st period - Ryan Johansen wins face-off versus Pierre-Edouard Bellemare in Kings zone.
18:49 of 1st period - Icing by Jesper Bratt.
18:50 of 1st period - Pierre-Edouard Bellemare wins face-off versus Ryan Johansen in Coyotes zone.
19:22 of 1st period - Shot by Andrej Sekera.
19:22 of 1st period - Shot Blocked by Pierre-Edouard Bellemare.
Goals for this period are 0 for Kings vs 0 for Coyotes.
Shots for this period are 5 for Kings vs 8 for Coyotes.

2nd period


0:01 of 2nd period - Sean Monahan wins face-off versus William Karlsson in neutral zone.
0:04 of 2nd period - Shot by Yegor Sharangovich.
0:04 of 2nd period - Deflect By Sean Monahan.
0:04 of 2nd period - Shot Misses the Net.
0:06 of 2nd period - Shot by Sean Monahan.
0:06 of 2nd period - Stopped by Jordan Binnington without a rebound.
0:07 of 2nd period - Pierre-Edouard Bellemare wins face-off versus Yegor Sharangovich in Kings zone.
1:19 of 2nd period - Off-side.
1:20 of 2nd period - William Karlsson wins face-off versus Boone Jenner in neutral zone.
1:29 of 2nd period - Shot by Brock Boeser.
1:29 of 2nd period - Shot Misses the Net.
1:43 of 2nd period - Shot by Frank Vatrano.
1:43 of 2nd period - Stopped by Jordan Binnington without a rebound.
1:44 of 2nd period - Sean Monahan wins face-off versus Teddy Blueger in Kings zone.
1:47 of 2nd period - Shot by Ilya Mikheyev.
1:47 of 2nd period - Shot Misses the Net.
1:53 of 2nd period - Shot by Teddy Blueger.
1:53 of 2nd period - Goal by Teddy Blueger - Kings : 1 - Coyotes : 0.
1:54 of 2nd period - Sean Monahan wins face-off versus William Karlsson in neutral zone.
1:59 of 2nd period - Shot by Brock Boeser.
1:59 of 2nd period - Shot Misses the Net.
2:54 of 2nd period - Icing by Jay Bouwmeester.
2:55 of 2nd period - Yanni Gourde wins face-off versus Ryan Johansen in Coyotes zone.
3:34 of 2nd period - Shot by Yegor Sharangovich.
3:34 of 2nd period - Stopped by Jordan Binnington without a rebound.
3:35 of 2nd period - Boone Jenner wins face-off versus Teddy Blueger in Kings zone.
4:09 of 2nd period - Shot by Boone Jenner.
4:09 of 2nd period - Shot Misses the Net.
4:12 of 2nd period - Boone Jenner is hit by Derek Forbort and loses puck.
4:18 of 2nd period - Minor Penalty to Derek Forbort for Hooking.
4:19 of 2nd period - Sean Monahan wins face-off versus William Karlsson in Kings zone.
4:26 of 2nd period - Shot by Pavel Zacha.
4:26 of 2nd period - Shot Hit the Post.
4:28 of 2nd period - Shot by Sean Monahan.
4:28 of 2nd period - Shot Blocked by Scott Mayfield.
4:30 of 2nd period - Shot by Dante Fabbro.
4:30 of 2nd period - Shot Misses the Net.
4:32 of 2nd period - Shot by Pavel Zacha.
4:32 of 2nd period - Shot Misses the Net.
4:38 of 2nd period - Shot by Andrej Sekera.
4:38 of 2nd period - Shot Misses the Net.
4:40 of 2nd period - Shot by Sean Monahan.
4:40 of 2nd period - Shot Misses the Net.
4:53 of 2nd period - Icing by Dante Fabbro.
4:54 of 2nd period - Sean Monahan wins face-off versus Pierre-Edouard Bellemare in Coyotes zone.
4:56 of 2nd period - Icing by Pavel Zacha.
4:57 of 2nd period - Pierre-Edouard Bellemare wins face-off versus Sean Monahan in Coyotes zone.
5:00 of 2nd period - Shot by Brock McGinn.
5:00 of 2nd period - Stopped by Tuukka Rask with a rebound.
5:39 of 2nd period - Off-side.
5:40 of 2nd period - Ryan Johansen wins face-off versus William Karlsson in neutral zone.
6:06 of 2nd period - Shot by Miro Heiskanen.
6:06 of 2nd period - Goal by Miro Heiskanen - Kings : 1 - Coyotes : 1.
6:07 of 2nd period - Sean Monahan wins face-off versus Yanni Gourde in neutral zone.
6:13 of 2nd period - Icing by Derek Forbort.
6:14 of 2nd period - Sean Monahan wins face-off versus Tanner Pearson in Kings zone.
6:14 of 2nd period - Sean Monahan is hit by Derek Forbort.
6:39 of 2nd period - Tanner Pearson is hit by Ilya Mikheyev.
6:44 of 2nd period - Minor Penalty to Tanner Pearson for Holding.
6:45 of 2nd period - Pierre-Edouard Bellemare wins face-off versus Jesper Bratt in Kings zone.
6:56 of 2nd period - Shot by Jesper Bratt.
6:56 of 2nd period - Shot Misses the Net.
7:10 of 2nd period - Shot by Ryan Johansen.
7:10 of 2nd period - Stopped by Jordan Binnington with a rebound.
7:51 of 2nd period - Icing by Dante Fabbro.
7:52 of 2nd period - Pavel Zacha wins face-off versus William Karlsson in Coyotes zone.
8:10 of 2nd period - Shot by Pavel Zacha.
8:10 of 2nd period - Stopped by Jordan Binnington with a rebound.
8:50 of 2nd period - Off-side.
8:51 of 2nd period - Boone Jenner wins face-off versus Yanni Gourde in neutral zone.
9:04 of 2nd period - Shot by Frank Vatrano.
9:04 of 2nd period - Deflect By Kaapo Kakko.
9:04 of 2nd period - Shot Misses the Net.
9:10 of 2nd period - Shot by Boone Jenner.
9:10 of 2nd period - Stopped by Jordan Binnington without a rebound.
9:11 of 2nd period - Nick Paul wins face-off versus William Karlsson in Kings zone.
9:17 of 2nd period - Icing by Zdeno Chara.
9:18 of 2nd period - Boone Jenner wins face-off versus Brock Boeser in Kings zone.
9:48 of 2nd period - Shot by William Karlsson.
9:48 of 2nd period - Stopped by Tuukka Rask without a rebound.
9:49 of 2nd period - Yanni Gourde wins face-off versus Sean Monahan in Coyotes zone.
10:05 of 2nd period - Shot by Sean Monahan.
10:05 of 2nd period - Deflect By Pavel Zacha.
10:05 of 2nd period - Shot Hit the Post.
10:07 of 2nd period - Shot by Miro Heiskanen.
10:07 of 2nd period - Shot Misses the Net.
10:09 of 2nd period - Shot by Sean Monahan.
10:09 of 2nd period - Stopped by Jordan Binnington without a rebound.
10:10 of 2nd period - Ryan Johansen wins face-off versus Teddy Blueger in Kings zone.
10:25 of 2nd period - Shot by Ryan Johansen.
10:25 of 2nd period - Stopped by Jordan Binnington without a rebound.
10:26 of 2nd period - William Karlsson wins face-off versus Sean Monahan in Kings zone.
10:39 of 2nd period - Shot by Zach Werenski.
10:39 of 2nd period - Shot Blocked by Miro Heiskanen.
10:53 of 2nd period - Shot by Pavel Zacha.
10:53 of 2nd period - Deflect By Sean Monahan.
10:53 of 2nd period - Shot Misses the Net.
10:59 of 2nd period - Shot by Pavel Zacha.
10:59 of 2nd period - Stopped by Jordan Binnington without a rebound.
11:00 of 2nd period - Ryan Johansen wins face-off versus Yanni Gourde in Kings zone.
11:19 of 2nd period - Shot by Tanner Pearson.
11:19 of 2nd period - Stopped by Tuukka Rask without a rebound.
11:20 of 2nd period - Boone Jenner wins face-off versus Corey Perry in Coyotes zone.
12:01 of 2nd period - Shot by Boone Jenner.
12:01 of 2nd period - Shot Misses the Net.
12:19 of 2nd period - Icing by Andrej Sekera.
12:20 of 2nd period - William Karlsson wins face-off versus Yegor Sharangovich in Coyotes zone.
12:39 of 2nd period - Shot by Jesper Bratt.
12:39 of 2nd period - Stopped by Jordan Binnington with a rebound.
13:17 of 2nd period - Shot by Tanner Pearson.
13:17 of 2nd period - Stopped by Tuukka Rask without a rebound.
13:18 of 2nd period - Yanni Gourde wins face-off versus Sean Monahan in Coyotes zone.
13:23 of 2nd period - Shot by Johnny Gaudreau.
13:23 of 2nd period - Deflect By Yanni Gourde.
13:23 of 2nd period - Shot Misses the Net.
13:27 of 2nd period - Shot by Johnny Gaudreau.
13:27 of 2nd period - Shot Misses the Net.
13:29 of 2nd period - Shot by Scott Mayfield.
13:29 of 2nd period - Shot Misses the Net.
13:31 of 2nd period - Shot by Tanner Pearson.
13:31 of 2nd period - Shot Blocked by Jay Bouwmeester.
13:49 of 2nd period - Shot by Yanni Gourde.
13:49 of 2nd period - Stopped by Tuukka Rask without a rebound.
13:50 of 2nd period - Nick Paul wins face-off versus David Kampf in Coyotes zone.
13:50 of 2nd period - Nick Paul is hit by Ryan Carpenter.
13:57 of 2nd period - Shot by Eetu Luostarinen.
13:57 of 2nd period - Deflect By Nick Paul.
13:57 of 2nd period - Shot Blocked by Andy Greene.
13:59 of 2nd period - Shot by Nick Paul.
13:59 of 2nd period - Stopped by Jordan Binnington without a rebound.
14:00 of 2nd period - Boone Jenner wins face-off versus William Karlsson in Kings zone.
14:21 of 2nd period - Dante Fabbro is hit by Kyle Connor and loses puck.
17:01 of 2nd period - Shot by Pierre-Edouard Bellemare.
17:01 of 2nd period - Deflect By Teddy Blueger.
17:01 of 2nd period - Shot Misses the Net.
17:39 of 2nd period - Ilya Mikheyev is hit by Brock Boeser and loses puck.
17:52 of 2nd period - Miro Heiskanen is hit by Brock Boeser and loses puck.
18:09 of 2nd period - Shot by Brock Boeser.
18:09 of 2nd period - Deflect By Kyle Connor.
18:09 of 2nd period - Shot Misses the Net.
18:49 of 2nd period - Ryan Johansen is hit by Ryan Carpenter and loses puck.
19:29 of 2nd period - Yegor Sharangovich is hit by Scott Mayfield and loses puck.
19:35 of 2nd period - Teddy Blueger is hit by Michael Stone and loses puck.
Goals for this period are 1 for Kings vs 1 for Coyotes.
Shots for this period are 6 for Kings vs 12 for Coyotes.

3rd period


0:01 of 3rd period - William Karlsson wins face-off versus Sean Monahan in neutral zone.
0:08 of 3rd period - Shot by Kyle Connor.
0:08 of 3rd period - Shot Misses the Net.
0:22 of 3rd period - William Karlsson is hit by Sean Monahan.
0:25 of 3rd period - Kyle Connor is hit by Pavel Zacha and loses puck.
0:34 of 3rd period - Andrej Sekera is hit by William Karlsson.
0:44 of 3rd period - Shot by Kyle Connor.
0:44 of 3rd period - Stopped by Tuukka Rask without a rebound.
0:45 of 3rd period - Ryan Johansen wins face-off versus Yanni Gourde in Coyotes zone.
0:45 of 3rd period - Ryan Johansen is hit by Yanni Gourde.
0:52 of 3rd period - Minor Penalty to Ryan Johansen for Slashing.
0:52 of 3rd period - Double Minor Penalty to Yanni Gourde for Roughing.
0:53 of 3rd period - Boone Jenner wins face-off versus William Karlsson in neutral zone.
1:06 of 3rd period - Shot by Jesper Bratt.
1:06 of 3rd period - Deflect By Boone Jenner.
1:06 of 3rd period - Shot Misses the Net.
1:08 of 3rd period - Shot by Boone Jenner.
1:08 of 3rd period - Deflect By Jesper Bratt.
1:08 of 3rd period - Stopped by Jordan Binnington with a rebound.
1:12 of 3rd period - Shot by Jesper Bratt.
1:12 of 3rd period - Shot Misses the Net.
1:14 of 3rd period - Shot by Jesper Bratt.
1:14 of 3rd period - Stopped by Jordan Binnington with a rebound.
1:56 of 3rd period - Brock Boeser is hit by Sean Monahan and loses puck.
2:53 of 3rd period - Shot by Jesper Bratt.
2:53 of 3rd period - Deflect By Ryan Johansen.
2:53 of 3rd period - Stopped by Jordan Binnington without a rebound.
2:54 of 3rd period - Ryan Johansen wins face-off versus Pierre-Edouard Bellemare in Kings zone.
3:22 of 3rd period - Shot by Michal Kempny.
3:22 of 3rd period - Shot Blocked by Zdeno Chara.
3:24 of 3rd period - Shot by Ryan Johansen.
3:24 of 3rd period - Goal by Ryan Johansen - Kings : 1 - Coyotes : 2.
3:25 of 3rd period - Yanni Gourde wins face-off versus Boone Jenner in neutral zone.
3:32 of 3rd period - Shot by Tanner Pearson.
3:32 of 3rd period - Shot Misses the Net.
3:44 of 3rd period - Shot by Yanni Gourde.
3:44 of 3rd period - Shot Misses the Net.
3:50 of 3rd period - Shot by Tanner Pearson.
3:50 of 3rd period - Stopped by Tuukka Rask without a rebound.
3:51 of 3rd period - Sean Monahan wins face-off versus William Karlsson in Coyotes zone.
3:51 of 3rd period - Sean Monahan is hit by Kyle Connor.
3:54 of 3rd period - Minor Penalty to William Karlsson for Roughing.
3:55 of 3rd period - Sean Monahan wins face-off versus Pierre-Edouard Bellemare in Kings zone.
5:04 of 3rd period - Shot by Jesper Bratt.
5:04 of 3rd period - Stopped by Jordan Binnington without a rebound.
5:05 of 3rd period - Ryan Johansen wins face-off versus Pierre-Edouard Bellemare in Kings zone.
5:20 of 3rd period - Shot by Michal Kempny.
5:20 of 3rd period - Stopped by Jordan Binnington without a rebound.
5:21 of 3rd period - Pavel Zacha wins face-off versus Ryan Carpenter in Kings zone.
6:24 of 3rd period - Shot by Brock Boeser.
6:24 of 3rd period - Stopped by Tuukka Rask without a rebound.
6:25 of 3rd period - Yanni Gourde wins face-off versus Nick Paul in Coyotes zone.
6:40 of 3rd period - Shot by Johnny Gaudreau.
6:40 of 3rd period - Stopped by Tuukka Rask without a rebound.
6:41 of 3rd period - David Kampf wins face-off versus Ryan Johansen in Coyotes zone.
6:42 of 3rd period - Shot by Ryan Carpenter.
6:42 of 3rd period - Deflect By David Kampf.
6:42 of 3rd period - Shot Misses the Net.
6:44 of 3rd period - Shot by Brock McGinn.
6:44 of 3rd period - Shot Misses the Net.
6:46 of 3rd period - Shot by Derek Forbort.
6:46 of 3rd period - Goal by Derek Forbort - Kings : 2 - Coyotes : 2.
6:47 of 3rd period - William Karlsson wins face-off versus Sean Monahan in neutral zone.
6:50 of 3rd period - Pavel Zacha is hit by William Karlsson and loses puck.
7:24 of 3rd period - Minor Penalty to Pavel Zacha for Interference.
7:25 of 3rd period - Robert Thomas wins face-off versus Teddy Blueger in Coyotes zone.
7:25 of 3rd period - Robert Thomas is hit by Teddy Blueger.
7:53 of 3rd period - Shot by Teddy Blueger.
7:53 of 3rd period - Stopped by Tuukka Rask without a rebound.
7:54 of 3rd period - Robert Thomas wins face-off versus William Karlsson in Coyotes zone.
8:00 of 3rd period - Icing by William Karlsson.
8:01 of 3rd period - William Karlsson wins face-off versus Robert Thomas in Kings zone.
9:07 of 3rd period - Off-side.
9:08 of 3rd period - Teddy Blueger wins face-off versus Robert Thomas in neutral zone.
9:48 of 3rd period - Shot by Brock McGinn.
9:48 of 3rd period - Stopped by Tuukka Rask without a rebound.
9:49 of 3rd period - Sean Monahan wins face-off versus Teddy Blueger in Coyotes zone.
9:49 of 3rd period - Sean Monahan is hit by Corey Perry.
10:03 of 3rd period - Shot by Sean Monahan.
10:03 of 3rd period - Shot Misses the Net.
10:05 of 3rd period - Shot by Miro Heiskanen.
10:05 of 3rd period - Stopped by Jordan Binnington without a rebound.
10:06 of 3rd period - Ryan Johansen wins face-off versus David Kampf in Kings zone.
10:36 of 3rd period - David Kampf is hit by Michal Kempny and loses puck.
11:45 of 3rd period - Miro Heiskanen is hit by William Karlsson and loses puck.
11:49 of 3rd period - Icing by Miro Heiskanen.
11:50 of 3rd period - Yanni Gourde wins face-off versus Sean Monahan in Coyotes zone.
12:31 of 3rd period - Icing by Andy Greene.
12:32 of 3rd period - Yanni Gourde wins face-off versus Nick Paul in Kings zone.
13:12 of 3rd period - Icing by Yanni Gourde.
13:13 of 3rd period - Ryan Johansen wins face-off versus Johnny Gaudreau in Kings zone.
13:16 of 3rd period - Shot by Yegor Sharangovich.
13:16 of 3rd period - Shot Misses the Net.
13:18 of 3rd period - Shot by Dante Fabbro.
13:18 of 3rd period - Stopped by Jordan Binnington without a rebound.
13:19 of 3rd period - William Karlsson wins face-off versus Sean Monahan in Kings zone.
13:32 of 3rd period - Shot by Zach Werenski.
13:32 of 3rd period - Shot Misses the Net.
14:12 of 3rd period - Miro Heiskanen is hit by Scott Mayfield and loses puck.
14:30 of 3rd period - Off-side.
14:31 of 3rd period - Boone Jenner wins face-off versus David Kampf in neutral zone.
14:51 of 3rd period - Icing by Scott Mayfield.
14:52 of 3rd period - Jesper Bratt wins face-off versus David Kampf in Kings zone.
14:55 of 3rd period - Shot by Jesper Bratt.
14:55 of 3rd period - Stopped by Jordan Binnington without a rebound.
14:56 of 3rd period - Ryan Johansen wins face-off versus Tanner Pearson in Kings zone.
15:27 of 3rd period - Shot by Yegor Sharangovich.
15:27 of 3rd period - Shot Misses the Net.
15:35 of 3rd period - Shot by Yegor Sharangovich.
15:35 of 3rd period - Stopped by Jordan Binnington without a rebound.
15:36 of 3rd period - William Karlsson wins face-off versus Sean Monahan in Kings zone.
15:45 of 3rd period - Shot by William Karlsson.
15:45 of 3rd period - Shot Misses the Net.
15:47 of 3rd period - Shot by Zdeno Chara.
15:47 of 3rd period - Shot Misses the Net.
15:49 of 3rd period - Shot by William Karlsson.
15:49 of 3rd period - Stopped by Tuukka Rask without a rebound.
15:50 of 3rd period - Boone Jenner wins face-off versus Teddy Blueger in Coyotes zone.
16:06 of 3rd period - Minor Penalty to Derek Forbort for Hooking.
16:07 of 3rd period - William Karlsson wins face-off versus Sean Monahan in Kings zone.
16:07 of 3rd period - William Karlsson is hit by Sean Monahan.
16:18 of 3rd period - Icing by Sean Monahan.
16:19 of 3rd period - Pierre-Edouard Bellemare wins face-off versus Sean Monahan in Coyotes zone.
16:30 of 3rd period - Shot by Pierre-Edouard Bellemare.
16:30 of 3rd period - Shot Misses the Net.
16:32 of 3rd period - Shot by Andy Greene.
16:32 of 3rd period - Goal by Andy Greene - Kings : 3 - Coyotes : 2.
16:33 of 3rd period - Ryan Johansen wins face-off versus William Karlsson in neutral zone.
16:54 of 3rd period - Shot by Miro Heiskanen.
16:54 of 3rd period - Shot Misses the Net.
16:56 of 3rd period - Shot by Michal Kempny.
16:56 of 3rd period - Shot Misses the Net.
16:58 of 3rd period - Shot by Miro Heiskanen.
16:58 of 3rd period - Shot Misses the Net.
17:00 of 3rd period - Shot by Ryan Johansen.
17:00 of 3rd period - Deflect By Robert Thomas.
17:00 of 3rd period - Stopped by Jordan Binnington without a rebound.
17:01 of 3rd period - Sean Monahan wins face-off versus Pierre-Edouard Bellemare in Kings zone.
17:10 of 3rd period - Shot by Pavel Zacha.
17:10 of 3rd period - Goal by Pavel Zacha - Kings : 3 - Coyotes : 3.
17:11 of 3rd period - Yanni Gourde wins face-off versus Sean Monahan in neutral zone.
17:29 of 3rd period - Ilya Mikheyev is hit by Shea Weber.
17:52 of 3rd period - Shot by Yanni Gourde.
17:52 of 3rd period - Shot Blocked by Ilya Mikheyev.
17:54 of 3rd period - Shot by Zach Werenski.
17:54 of 3rd period - Stopped by Tuukka Rask without a rebound.
17:55 of 3rd period - Ryan Johansen wins face-off versus William Karlsson in Coyotes zone.
17:57 of 3rd period - Minor Penalty to Kyle Connor for Cross-checking.
17:58 of 3rd period - Ryan Johansen wins face-off versus Pierre-Edouard Bellemare in Kings zone.
18:19 of 3rd period - Shot by Jesper Bratt.
18:19 of 3rd period - Deflect By Robert Thomas.
18:19 of 3rd period - Stopped by Jordan Binnington without a rebound.
18:20 of 3rd period - Yegor Sharangovich wins face-off versus Brock McGinn in Kings zone.
18:39 of 3rd period - Shot by Miro Heiskanen.
18:39 of 3rd period - Stopped by Jordan Binnington without a rebound.
18:40 of 3rd period - Ryan Johansen wins face-off versus Pierre-Edouard Bellemare in Kings zone.
18:57 of 3rd period - Shot by Dante Fabbro.
18:57 of 3rd period - Shot Misses the Net.
18:59 of 3rd period - Shot by Andrej Sekera.
18:59 of 3rd period - Shot Blocked by Derek Forbort.
19:01 of 3rd period - Shot by Robert Thomas.
19:01 of 3rd period - Stopped by Jordan Binnington without a rebound.
19:02 of 3rd period - Pierre-Edouard Bellemare wins face-off versus Sean Monahan in Kings zone.
19:13 of 3rd period - Shot by Yegor Sharangovich.
19:13 of 3rd period - Stopped by Jordan Binnington without a rebound.
19:14 of 3rd period - Ryan Johansen wins face-off versus David Kampf in Kings zone.
19:14 of 3rd period - Robert Thomas is hit by Zdeno Chara and loses puck.
19:28 of 3rd period - Shot by Dante Fabbro.
19:28 of 3rd period - Shot Misses the Net.
Goals for this period are 2 for Kings vs 2 for Coyotes.
Shots for this period are 10 for Kings vs 16 for Coyotes.

Overtime #1


0:01 of 1st overtime period - Ryan Johansen wins face-off versus William Karlsson in neutral zone.
0:08 of 1st overtime period - Shot by Ryan Johansen.
0:08 of 1st overtime period - Deflect By Jesper Bratt.
0:08 of 1st overtime period - Stopped by Jordan Binnington with a rebound.
0:14 of 1st overtime period - Shot by William Karlsson.
0:14 of 1st overtime period - Stopped by Tuukka Rask without a rebound.
0:15 of 1st overtime period - Ryan Johansen wins face-off versus William Karlsson in Coyotes zone.
0:20 of 1st overtime period - Shot by Jesper Bratt.
0:20 of 1st overtime period - Deflect By Ryan Johansen.
0:20 of 1st overtime period - Stopped by Jordan Binnington without a rebound.
0:21 of 1st overtime period - Ryan Johansen wins face-off versus William Karlsson in Kings zone.
0:30 of 1st overtime period - Shot by Jesper Bratt.
0:30 of 1st overtime period - Stopped by Jordan Binnington without a rebound.
0:31 of 1st overtime period - Ryan Johansen wins face-off versus William Karlsson in Kings zone.
1:04 of 1st overtime period - Shot by Miro Heiskanen.
1:04 of 1st overtime period - Shot Misses the Net.
1:14 of 1st overtime period - Shot by Zach Werenski.
1:14 of 1st overtime period - Shot Misses the Net.
1:16 of 1st overtime period - Shot by William Karlsson.
1:16 of 1st overtime period - Shot Misses the Net.
1:44 of 1st overtime period - Shot by Johnny Gaudreau.
1:44 of 1st overtime period - Stopped by Tuukka Rask without a rebound.
1:45 of 1st overtime period - Pavel Zacha wins face-off versus Johnny Gaudreau in Coyotes zone.
1:45 of 1st overtime period - Pavel Zacha is hit by Johnny Gaudreau.
1:59 of 1st overtime period - Shot by Johnny Gaudreau.
1:59 of 1st overtime period - Stopped by Tuukka Rask without a rebound.
2:00 of 1st overtime period - Pavel Zacha wins face-off versus William Karlsson in Coyotes zone.
2:15 of 1st overtime period - Shot by Sean Monahan.
2:15 of 1st overtime period - Deflect By Pavel Zacha.
2:15 of 1st overtime period - Goal by Pavel Zacha - Kings : 3 - Coyotes : 4.
Goals for this period are 0 for Kings vs 1 for Coyotes.
Shots for this period are 3 for Kings vs 4 for Coyotes.